TOP OF THE 1ST |
University of Toronto Marlies batting - Pitching for UCLA Bruins : RHP Jorge Burruel
|
Pitching: RHP Jorge Burruel
|
|
Batting: RHB Kekoa Kahele
|
0-0: Swinging Strike 0-1: Ball 1-1: Ball 2-1: Fly out, F7 (Line Drive, 7, EV 100.6 MPH)
|
Batting: RHB Quan Tai
|
0-0: Called Strike 0-1: Called Strike 0-2: Ground out 6-3 (Groundball, 6M, EV 88.8 MPH)
|
Batting: SHB Karl Starnes
|
0-0: Ball 1-0: Swinging Strike 1-1: Ball 2-1: Fly out, F7 (Flyball, 7, EV 93.8 MPH)
|
Top of the 1st over - 0 runs, 0 hits, 0 errors, 0 left on base; University of Toronto 0 - UCLA 0 |
BOTTOM OF THE 1ST |
UCLA Bruins batting - Pitching for University of Toronto Marlies : LHP Noah Young
|
Pitching: LHP Noah Young
|
|
Batting: RHB Lorenzo Diaz
|
0-0: Foul Ball, location: 2F 0-1: Ball 1-1: Foul Ball, location: 2F 1-2: Ball 2-2: Ball 3-2: Ground out 6-3 (Groundball, 6, EV 81.9 MPH)
|
Batting: RHB Jack Stadner
|
0-0: Ground out 5-3 (Groundball, 56S, EV 71.9 MPH)
|
Batting: RHB Amir Christy
|
0-0: Foul Ball, location: 2F 0-1: Ball 1-1: SINGLE (Groundball, 6D, EV 98.1 MPH)
|
Batting: LHB Xue-liang Zhou
|
0-0: Ball 1-0: Ball 2-0: Ball 3-0: Called Strike 3-1: Ground out U3 (Groundball, 3, EV 85.6 MPH)
|
Bottom of the 1st over - 0 runs, 1 hit, 0 errors, 1 left on base; University of Toronto 0 - UCLA 0 |
TOP OF THE 2ND |
University of Toronto Marlies batting - Pitching for UCLA Bruins : RHP Jorge Burruel
|
Batting: RHB Francisco Marin
|
0-0: Foul Ball, location: 2F 0-1: Foul Ball, location: 2F 0-2: Fly out, F4 (Flyball, 4D, EV 81.9 MPH)
|
Batting: SHB Toby Patenaude
|
0-0: Called Strike 0-1: Ball 1-1: Ball 2-1: Ball 3-1: Swinging Strike 3-2: SINGLE (Groundball, 6MD, EV 81.9 MPH) (infield hit)
|
Batting: RHB Nate Henderson
|
0-0: Called Strike Toby Patenaude steals 2nd base (no throw) 0-1: Called Strike 0-2: Ball 1-2: Foul Ball, location: 2F 1-2: Fly out, F9 (Line Drive, 9, EV 95.0 MPH)
|
Batting: SHB Jason Todd
|
0-0: Ball 1-0: Foul Ball, location: 2F 1-1: Ball 2-1: Foul Ball, location: 2F 2-2: Ground out 4-3 (Groundball, 4, EV 90.6 MPH)
|
Top of the 2nd over - 0 runs, 1 hit, 0 errors, 1 left on base; University of Toronto 0 - UCLA 0 |
BOTTOM OF THE 2ND |
UCLA Bruins batting - Pitching for University of Toronto Marlies : LHP Noah Young
|
Batting: RHB Manny Olave
|
0-0: Ball 1-0: Foul Ball, location: 2F 1-1: Fly out, F9 (Flyball, 89M, EV 90.0 MPH)
|
Batting: LHB Alex Larangho
|
0-0: Foul Ball, location: 2F 0-1: Foul Ball, location: 2F 0-2: Ball 1-2: Strikes out swinging
|
Batting: RHB John Ricketts
|
0-0: Called Strike 0-1: Foul Ball, location: 2F 0-2: Ball 1-2: DOUBLE (Line Drive, 89XD, EV 102.5 MPH)
|
Batting: RHB Oscar Ferrer
|
0-0: Ball 1-0: Called Strike 1-1: Called Strike 1-2: Strikes out swinging
|
Bottom of the 2nd over - 0 runs, 1 hit, 0 errors, 1 left on base; University of Toronto 0 - UCLA 0 |
TOP OF THE 3RD |
University of Toronto Marlies batting - Pitching for UCLA Bruins : RHP Jorge Burruel
|
Batting: RHB Malcolm McCauley
|
0-0: Foul Ball, location: 2F 0-1: Ball 1-1: Fly out, F9 (Line Drive, 9, EV 98.8 MPH)
|
Batting: RHB Shi-fu Cuan
|
0-0: Foul Ball, location: 2F 0-1: Foul Ball, location: 2F 0-2: Strikes out looking
|
Batting: RHB Kekoa Kahele
|
0-0: Called Strike 0-1: Ball 1-1: SINGLE (Flyball, 9LS, EV 93.1 MPH)
|
Batting: RHB Quan Tai
|
0-0: Ball Kekoa Kahele steals 2nd base (no throw) 1-0: Foul Ball, location: 2F 1-1: Ball 2-1: Ground out 6-3 (Groundball, 56, EV 84.4 MPH)
|
Top of the 3rd over - 0 runs, 1 hit, 0 errors, 1 left on base; University of Toronto 0 - UCLA 0 |
BOTTOM OF THE 3RD |
UCLA Bruins batting - Pitching for University of Toronto Marlies : LHP Noah Young
|
Batting: RHB Isaiah Hampton
|
0-0: Ball 1-0: Ball 2-0: Foul Ball, location: 2F 2-1: Ball 3-1: Swinging Strike 3-2: Base on Balls
|
Batting: RHB Lorenzo Diaz
|
0-0: Called Strike 0-1: Ball 1-1: Ball 2-1: Called Strike 2-2: Fielders Choice at 2nd, 5-4 (Groundball, 56, EV 105.0 MPH)
|
Batting: RHB Jack Stadner
|
0-0: Fielders Choice at 2nd, 1-6 (Groundball, 34S, EV 73.8 MPH)
|
Batting: RHB Amir Christy
|
0-0: Ball 1-0: Ball 2-0: Called Strike 2-1: Called Strike 2-2: Ball 3-2: Ground out 6-3 (Groundball, 56, EV 106.2 MPH)
|
Bottom of the 3rd over - 0 runs, 0 hits, 0 errors, 1 left on base; University of Toronto 0 - UCLA 0 |
TOP OF THE 4TH |
University of Toronto Marlies batting - Pitching for UCLA Bruins : RHP Jorge Burruel
|
Batting: SHB Karl Starnes
|
0-0: Foul Ball, location: 2F 0-1: Fly out, F6 (Flyball, 6D, EV 93.1 MPH)
|
Batting: RHB Francisco Marin
|
0-0: Swinging Strike 0-1: Ball 1-1: Swinging Strike 1-2: Foul Ball, location: 2F 1-2: Ball 2-2: Foul Ball, location: 2F 2-2: Foul Ball, location: 2F 2-2: Fly out, F4 (Popup, 34, EV 69.4 MPH)
|
Batting: SHB Toby Patenaude
|
0-0: Swinging Strike 0-1: Ball 1-1: Ball 2-1: Ball 3-1: Foul Ball, location: 2F 3-2: Base on Balls
|
Batting: RHB Nate Henderson
|
0-0: Called Strike 0-1: Ball 1-1: Ball 2-1: Ball 3-1: Swinging Strike 3-2: Ground out U3 (Groundball, 3L, EV 95.6 MPH)
|
Top of the 4th over - 0 runs, 0 hits, 0 errors, 1 left on base; University of Toronto 0 - UCLA 0 |
BOTTOM OF THE 4TH |
UCLA Bruins batting - Pitching for University of Toronto Marlies : LHP Noah Young
|
Batting: LHB Xue-liang Zhou
|
0-0: Ball 1-0: SOLO HOME RUN (Flyball, 9D, EV 98.1 MPH), Distance : 380 ft
|
Batting: RHB Manny Olave
|
0-0: Ball 1-0: Called Strike 1-1: Fly out, F9 (Flyball, 9, EV 75.0 MPH)
|
Batting: LHB Alex Larangho
|
0-0: Ball 1-0: Ball 2-0: Called Strike 2-1: Ball 3-1: Base on Balls
|
Batting: RHB John Ricketts
|
0-0: Fielders Choice at 2nd, 4-6 (Groundball, 4, EV 102.5 MPH)
|
Batting: RHB Oscar Ferrer
|
0-0: Ball 1-0: Ground out 5-3 (Groundball, 25, EV 90.6 MPH)
|
Bottom of the 4th over - 1 run, 1 hit, 0 errors, 1 left on base; University of Toronto 0 - UCLA 1 |
TOP OF THE 5TH |
University of Toronto Marlies batting - Pitching for UCLA Bruins : RHP Jorge Burruel
|
Batting: SHB Jason Todd
|
0-0: Foul Ball, location: 2F 0-1: Foul Ball, location: 2F 0-2: Ball 1-2: Fly out, F4 (Flyball, 4D, EV 82.5 MPH)
|
Batting: RHB Malcolm McCauley
|
0-0: Swinging Strike 0-1: Foul Ball, location: 2F 0-2: Ball 1-2: Ball 2-2: Ground out 5-3 (Groundball, 56, EV 104.4 MPH)
|
Batting: RHB Shi-fu Cuan
|
0-0: Fly out, F6 (Line Drive, 6, EV 64.4 MPH)
|
Top of the 5th over - 0 runs, 0 hits, 0 errors, 0 left on base; University of Toronto 0 - UCLA 1 |
BOTTOM OF THE 5TH |
UCLA Bruins batting - Pitching for University of Toronto Marlies : LHP Noah Young
|
Batting: RHB Isaiah Hampton
|
0-0: Ground out 4-3 (Groundball, 4S, EV 68.8 MPH)
|
Batting: RHB Lorenzo Diaz
|
0-0: Ball 1-0: Foul Ball, location: 2F 1-1: Ball 2-1: Foul Ball, location: 2F 2-2: Ball 3-2: Base on Balls
|
Batting: RHB Jack Stadner
|
0-0: Called Strike 0-1: Ball 1-1: Ball 2-1: Fielders Choice at 2nd, 1-6 (Groundball, 13S, EV 75.0 MPH)
|
Batting: RHB Amir Christy
|
0-0: Called Strike 0-1: Swinging Strike 0-2: Ball 1-2: Strikes out swinging
|
Bottom of the 5th over - 0 runs, 0 hits, 0 errors, 1 left on base; University of Toronto 0 - UCLA 1 |
TOP OF THE 6TH |
University of Toronto Marlies batting - Pitching for UCLA Bruins : RHP Jorge Burruel
|
Pitching: LHP Marco Atilano
|
|
Batting: RHB Kekoa Kahele
|
0-0: Called Strike 0-1: Ball 1-1: Ball 2-1: Foul Ball, location: 2F 2-2: Ball 3-2: Foul Ball, location: 2F 3-2: Foul Ball, location: 2F 3-2: Ground out 3-1 (Groundball, 34, EV 81.9 MPH)
|
Batting: RHB Quan Tai
|
0-0: Ball 1-0: Foul Ball, location: 2F 1-1: Called Strike 1-2: Foul Ball, location: 2F 1-2: Ball 2-2: Strikes out looking
|
Batting: SHB Karl Starnes
|
0-0: Ground out 4-3 (Groundball, 4S, EV 62.5 MPH)
|
Top of the 6th over - 0 runs, 0 hits, 0 errors, 0 left on base; University of Toronto 0 - UCLA 1 |
BOTTOM OF THE 6TH |
UCLA Bruins batting - Pitching for University of Toronto Marlies : LHP Noah Young
|
Pitching: RHP Steve Schneider
|
|
Batting: LHB Xue-liang Zhou
|
0-0: Ball 1-0: Ball 2-0: Ball 3-0: Called Strike 3-1: Fly out, F8 (Flyball, 8LXD, EV 80.6 MPH)
|
Batting: RHB Manny Olave
|
0-0: Called Strike 0-1: Swinging Strike 0-2: Ball 1-2: Ground out 6-3 (Groundball, 6S, EV 62.5 MPH)
|
Batting: LHB Alex Larangho
|
0-0: Swinging Strike 0-1: Ball 1-1: Called Strike 1-2: Foul Ball, location: 2F 1-2: Ball 2-2: Strikes out looking
|
Bottom of the 6th over - 0 runs, 0 hits, 0 errors, 0 left on base; University of Toronto 0 - UCLA 1 |
TOP OF THE 7TH |
University of Toronto Marlies batting - Pitching for UCLA Bruins : LHP Marco Atilano
|
Batting: RHB Francisco Marin
|
0-0: Ball 1-0: Ball 2-0: Ball 3-0: Called Strike 3-1: Called Strike 3-2: Strikes out looking
|
Pinch Hitting: LHB Jerry Santana
|
0-0: Ground out U3 (Groundball, 3L, EV 88.1 MPH)
|
Batting: RHB Nate Henderson
|
0-0: Called Strike 0-1: Swinging Strike 0-2: Ball 1-2: Foul Ball, location: 2F 1-2: Ball 2-2: Foul Ball, location: 2F 2-2: Ball 3-2: Foul Ball, location: 2F 3-2: Fly out, F8 (Flyball, 8LD, EV 103.1 MPH)
|
Top of the 7th over - 0 runs, 0 hits, 0 errors, 0 left on base; University of Toronto 0 - UCLA 1 |
BOTTOM OF THE 7TH |
UCLA Bruins batting - Pitching for University of Toronto Marlies : RHP Steve Schneider
|
Now at 2B: Tetsu Fujita
|
|
Batting: RHB John Ricketts
|
0-0: Foul Ball, location: 2F 0-1: Ball 1-1: Called Strike 1-2: Ball 2-2: Ball 3-2: Foul Ball, location: 2F 3-2: Base on Balls
|
Batting: RHB Oscar Ferrer
|
0-0: Called Strike 0-1: Foul Ball, location: 2F 0-2: DOUBLE (Line Drive, 9LM, EV 102.5 MPH) John Ricketts to third Runner from 3rd tries for Home, SAFE, no throw by RF
|
Batting: RHB Isaiah Hampton
|
0-0: Ball 1-0: Called Strike 1-1: Ball 2-1: Ball 3-1: Base on Balls
|
Pitching: RHP Paul Copeland
|
|
Batting: RHB Lorenzo Diaz
|
0-0: Ball 1-0: Ball 2-0: SINGLE (Groundball, 6MS, EV 86.2 MPH) (infield hit) Oscar Ferrer to third Isaiah Hampton to second
|
Batting: RHB Jack Stadner
|
0-0: Called Strike 0-1: Foul Ball, location: 2F 0-2: Foul Ball, location: 2F 0-2: Ball 1-2: Foul Ball, location: 2F 1-2: Ball 2-2: SINGLE (Groundball, 6, EV 83.1 MPH) (infield hit) Oscar Ferrer scores Isaiah Hampton to third Lorenzo Diaz to second
|
Batting: RHB Amir Christy
|
0-0: Ball 1-0: Called Strike 1-1: Grounds into fielders choice 6-2 (Groundball, 6M, EV 89.4 MPH) Lorenzo Diaz to third Jack Stadner to second
|
Batting: LHB Xue-liang Zhou
|
0-0: Ball 1-0: Swinging Strike 1-1: Called Strike 1-2: Ball 2-2: Strikes out swinging
|
Batting: RHB Manny Olave
|
0-0: Foul Ball, location: 2F 0-1: Ball 1-1: Called Strike 1-2: Foul Ball, location: 2F 1-2: Fielders Choice at 2nd, 5-4 (Groundball, 5, EV 83.1 MPH)
|
Bottom of the 7th over - 2 runs, 3 hits, 0 errors, 3 left on base; University of Toronto 0 - UCLA 3 |
TOP OF THE 8TH |
University of Toronto Marlies batting - Pitching for UCLA Bruins : LHP Marco Atilano
|
Pitching: LHP Keith O'Brien
|
|
Batting: SHB Jason Todd
|
0-0: Called Strike 0-1: Ball 1-1: Ball 2-1: Ball 3-1: Swinging Strike 3-2: Foul Ball, location: 2F 3-2: Fly out, F8 (Flyball, 78S, EV 95.0 MPH)
|
Batting: RHB Malcolm McCauley
|
0-0: Called Strike 0-1: Ball 1-1: Ball 2-1: SINGLE (Groundball, 4D, EV 97.5 MPH)
|
Batting: RHB Shi-fu Cuan
|
0-0: Ball 1-0: Called Strike 1-1: Ball 2-1: Foul Ball, location: 2F 2-2: Strikes out swinging
|
Batting: RHB Kekoa Kahele
|
0-0: Called Strike 0-1: SINGLE (Line Drive, 89S, EV 91.9 MPH) Malcolm McCauley to second Runner from 2nd tries for 3rd, OUT! 9-5
|
Top of the 8th over - 0 runs, 2 hits, 0 errors, 1 left on base; University of Toronto 0 - UCLA 3 |
BOTTOM OF THE 8TH |
UCLA Bruins batting - Pitching for University of Toronto Marlies : RHP Paul Copeland
|
Pitching: RHP Carlos Solis
|
|
Batting: LHB Alex Larangho
|
0-0: Ball 1-0: Ground out 4-3 (Groundball, 4, EV 87.5 MPH)
|
Batting: RHB John Ricketts
|
0-0: Ball 1-0: Called Strike 1-1: Ball 2-1: Foul Ball, location: 2F 2-2: Ground out 6-3 (Groundball, 6, EV 84.4 MPH)
|
Batting: RHB Oscar Ferrer
|
0-0: Ball 1-0: Foul Ball, location: 2F 1-1: Swinging Strike 1-2: Ball 2-2: Foul Ball, location: 2F 2-2: Strikes out swinging
|
Bottom of the 8th over - 0 runs, 0 hits, 0 errors, 0 left on base; University of Toronto 0 - UCLA 3 |
TOP OF THE 9TH |
University of Toronto Marlies batting - Pitching for UCLA Bruins : LHP Keith O'Brien
|
Pitching: RHP Dave Williams
|
|
Batting: RHB Quan Tai
|
0-0: Ball 1-0: Called Strike 1-1: Bunt for hit to 23 - play at first, batter safe!
|
Batting: SHB Karl Starnes
|
0-0: Called Strike 0-1: Ball 1-1: Ball 2-1: Fly out, F7 (Flyball, 78M, EV 90.0 MPH)
|
Batting: RHB Francisco Marin
|
0-0: Called Strike 0-1: Foul Ball, location: 2F 0-2: Ball 1-2: Ball 2-2: Grounds into double play, 3-6-3 (Groundball, 3, EV 85.6 MPH)
|
Top of the 9th over - 0 runs, 1 hit, 0 errors, 0 left on base; University of Toronto 0 - UCLA 3 |
|